 Dungeon Crawl Stone Soup version 0.26-a0-812-g31a745ddcd (webtiles) character file.

117 hyperquik the Sneak (level 5, -16/28 HPs)
             Began as a Tengu Enchanter on May 26, 2018.
             Killed from afar by a killer bee (33 damage)
             ... with an exploding inner flame
             ... hexed by the player character
             ... on level 3 of the Dungeon on Dec 6, 2020.
             The game lasted 00:07:48 (2769 turns).

hyperquik the Sneak (Tengu Enchanter)               Turns: 2769, Time: 00:07:48

Health: -16/28     AC:  3    Str:  8    XL:     5   Next: 1%
Magic:  8/10       EV: 15    Int: 17    God:
Gold:   150        SH:  0    Dex: 14    Spells: 3/9 levels left

rFire    . . .     SeeInvis .   a - +1 dagger
rCold    . . .     Faith    .   (no shield)
rNeg     . . .     Spirit   .   b - +1 robe
rPois    .         Reflect  .   (helmet restricted)
rElec    .         Harm     .   (no cloak)
rCorr    .         Rampage  .   (no gloves)
MR       .....                  (boots unavailable)
Stlth    +++.......             (no amulet)
HPRegen  0.09/turn              (no ring)
MPRegen  0.12/turn              (no ring)

@: flying quickly and evasively, quick
A: beak, talons 3, able to fly
a: Stop Flying


You were on level 3 of the Dungeon.
You visited 1 branch of the dungeon, and saw 3 of its levels.

You collected 150 gold pieces.

Inventory:

Hand Weapons
 a - a +1 dagger (weapon)
Missiles
 o - 7 atropa-tipped darts
 Q - 101 stones (quivered)
Armour
 b - a +1 robe (worn)
Jewellery
 j - an uncursed ring of protection from fire {unknown}
Scrolls
 d - a scroll of teleportation {unknown}
 g - a scroll of amnesia {unknown}
 n - a scroll of fear {unknown}
Potions
 h - a potion of cancellation
 l - a potion of heal wounds
Comestibles
 e - 2 removed foods


   Skills:
 - Level 1.1 Short Blades
 - Level 2.1 Dodging
 + Level 3.9 Stealth
 + Level 2.8 Spellcasting
 * Level 3.3 Hexes


You had 3 spell levels left.
You knew the following spells:

 Your Spells              Type           Power        Failure   Level
a - Ensorcelled Hibernat  Hex/Ice        #.....       14%         2
c - Confusing Touch       Hex            ##......     14%         3
v - Corona                Hex            ##.....      4%          1

Your spell library contained the following spells:

 Spells                   Type           Power        Failure   Level
 Tukima's Dance           Hex            ##......     14%         3
 Dazzling Flash           Conj/Hex       #.....       26%         3


Dungeon Overview and Level Annotations

Branches:
Dungeon (3/15)

Altars:
Elyvilon
Okawaru


Innate Abilities, Weirdness & Mutations

You have a beak for a mouth.
You have claws for feet.
You can fly continuously.


Message History

You take 6 damage, and have 17/28 hp.
MASSIVE DAMAGE!!
As you read the scroll labelled FUOREU DIMOLI, it crumbles to dust.
It is a scroll of enchant armour.
Your +0 robe glows green for a moment.
The killer bee misses you. The killer bee closely misses you.
Okay, then.
As you read the scroll labelled QEMIZ WIHAT, it crumbles to dust.
The creatures around you are filled with an inner flame!
It was a scroll of immolation.
The killer bee barely misses you. The killer bee closely misses you.
You hit the killer bee.
Flame seeps out of the killer bee. x2
You claw the killer bee.
The killer bee is engulfed in blazing flames.
Flame seeps out of the killer bee.
The killer bee closely misses you.
The killer bee is engulfed in blazing flames.
The killer bee explodes!
The fiery explosion engulfs you!!
Ouch! That really hurt!
You die...

####### ......#
...y..# ......#
...y..# ......#
########y.....#
#....@○yyy....#
#.######gy....#
#.# ......# #.#
..o...# #.#
......# #.#
......#
##########.#
##.####
#........#.# .#
#.######.#.#


You could see 5 killer bees and a goblin (inner flame).

Levels and vault maps discovered:
D:1:      lemuel_arrival_broad_hall
D:2:      layout_loops_ring, elyvilon_altar_5, okawaru_metal_pillars_1_2
D:3:      layout_basic, lemuel_round_altar, uniq_terence

Notes
Turn   | Place    | Note
-------+----------+-------------------------------------------
     0 | D:1      | hyperquik the Tengu Enchanter began the quest for the Orb.
     0 | D:1      | Reached XP level 1. HP: 10/10 MP: 4/4
   315 | D:1      | Reached XP level 2. HP: 15/15 MP: 6/6
   353 | D:1      | Learned a level 2 spell: Ensorcelled Hibernation
   792 | D:1      | Reached XP level 3. HP: 19/19 MP: 7/7
   797 | D:1      | Learned a level 3 spell: Confuse
  1407 | D:2      | Identified a cursed +0 club
  1664 | D:2      | Reached XP level 4. HP: 24/24 MP: 8/8
  1764 | D:2      | Reached skill level 3 in Hexes
  1938 | D:2      | Identified a +0 club
  1972 | D:2      | Found an iron altar of Okawaru.
  2106 | D:2      | Found a white marble altar of Elyvilon.
  2396 | D:3      | Identified 2 potions of curing
  2453 | D:3      | Gained mutation: You can fly continuously. [Tengu growth]
  2453 | D:3      | Reached XP level 5. HP: 12/28 MP: 0/10
  2460 | D:3      | HP: 7/28 [poisoned by a scorpion]
  2465 | D:3      | HP: 6/28 [poisoned by a scorpion]
  2472 | D:3      | HP: 4/28 [poisoned by a scorpion]
  2480 | D:3      | HP: 3/28 [poisoned by a scorpion]
  2758 | D:3      | Identified a +0 club
  2760 | D:3      | Identified a +0 leather armour
  2764 | D:3      | Identified 2 scrolls of identify
  2764 | D:3      | Identified a potion of heal wounds
  2765 | D:3      | Identified a potion of cancellation
  2766 | D:3      | Identified a scroll of remove curse
  2767 | D:3      | Identified a scroll of enchant armour
  2768 | D:3      | Identified a scroll of immolation
  2769 | D:3      | Killed from afar by a killer bee

Table legend: (Time is in decaauts)
 A = Elapsed time spent in this place.
 B = Non-inter-level travel time spent in this place.
 C = Inter-level travel time spent in this place.
 D = Time resting spent in this place.
 E = Time spent auto-exploring this place.
 F = Levels seen in this place.
 G = Mean time per level.
                   A        B        C        D        E       F      G
               +--------+--------+--------+--------+--------+-----+--------+
         Total |   2763 |   2646 |    117 |    963 |   1195 |   3 |  921.0 |
       Dungeon |   2763 |   2646 |    117 |    963 |   1195 |   3 |  921.0 |
               +--------+--------+--------+--------+--------+-----+--------+

Top non-repeatable levels by time:
     D:2: 902 daAuts
     D:3: 443 daAuts
     D:1: 35 daAuts
Note: time per level data comes from an upgraded game and may be incomplete.

Table legend:
 A = Kills in this place as a percentage of kills in entire the game.
 B = Kills by you in this place as a percentage of kills by you in the entire game.
 C = Kills by friends in this place as a percentage of kills by friends in the entire game.
 D = Other kills in this place as a percentage of other kills in the entire game.
 E = Experience gained in this place as a percentage of experience gained in the entire game.
 F = Experience gained in this place divided by the number of levels of this place that you have seen.
                   A       B       C       D       E      F
               +-------+-------+-------+-------+-------+----------------------
         Total | 100.0 | 100.0 |   N/A |   N/A | 100.0 |  56.0
       Dungeon | 100.0 | 100.0 |   N/A |   N/A | 100.0 |  56.0
               +-------+-------+-------+-------+-------+----------------------

Skill      XL: |  1  2  3  4 |
---------------+-------------+-----
Hexes          | 3 |  3.3
Short Blades   | |  1.1
Dodging        | |  2.1
Stealth        | |  3.9
Spellcasting   | |  2.8

Action                   |  1- 3 |  4- 6 || total
-------------------------+-------+-------++-------
Melee: Dagger            |    68 |    17 ||    85
       Peck              |     8 |     1 ||     9
       Kick              |    14 |     4 ||    18
 Cast: Corona            |     8 |       ||     8
       Ensorcelled Hiber |    12 |     9 ||    21
 Abil: Fly               |       |     1 ||     1
  Use: Potion            |       |     2 ||     2
       Scroll            |       |     5 ||     5
 Stab: Sleeping          |    17 |     6 ||    23
  Eat: Removed food      |     2 |       ||     2
Armor: Robe              |     5 |     3 ||     8
Dodge: Dodged            |    31 |    23 ||    54

Vanquished Creatures
  A scorpion (D:3)
  An adder (D:2)
  A worm (D:2)
  4 dart slugs
  3 leopard geckos
  8 bats
  A giant cockroach (D:2)
  5 goblins
  7 hobgoblins
  2 ball pythons
  5 frilled lizards
  3 kobolds (D:1)
  5 rats
46 creatures vanquished.
